 Dungeon Crawl Stone Soup version 0.26-a0-1086-g9010512d90 (webtiles) character file.

Game seed: 13477108601773389117

101 sahdkjhfkaj the Chopper (level 4, -4/41 HPs)
             Began as a Hill Orc Monk on Dec 14, 2020.
             Slain by a scorpion (5 damage)
             ... on level 2 of the Dungeon.
             The game lasted 00:06:22 (3362 turns).

sahdkjhfkaj the Chopper (Hill Orc Monk)             Turns: 3362, Time: 00:06:23

Health: -4/41      AC:  7    Str: 14    XL:     4   Next: 75%
Magic:  0/4        EV: 10    Int: 10    God:
Gold:   109        SH:  0    Dex: 13    Spells: 3/3 levels left

rFire    . . .     SeeInvis .   b - +0 hunting sling
rCold    . . .     Faith    .   (no shield)
rNeg     . . .     Spirit   +   k - +1 scale mail (curse)
rPois    .         Reflect  .   (no helmet)
rElec    .         Harm     .   (no cloak)
rCorr    .         Rampage  .   (no gloves)
Will     .....                  (no boots)
Stlth    ..........             l - amulet of guardian spirit
HPRegen  0.13/turn              (no ring)
MPRegen  0.09/turn              (no ring)

@: lethally poisoned (-4 -> -5), flying
A: no striking features
a: no special abilities


You were on level 2 of the Dungeon.
You visited 1 branch of the dungeon, and saw 3 of its levels.

You collected 109 gold pieces.

Inventory:

Hand Weapons
 a - a +0 hand axe
 b - a +0 hunting sling (weapon)
   (You took it off a goblin on level 2 of the Dungeon)
Missiles
 c - 100 stones
 m - 22 sling bullets (quivered ammo)
Armour
 k - a cursed +1 scale mail (worn)
   (You found it on level 1 of the Dungeon)
Jewellery
 l - an amulet of guardian spirit (around neck)
   (You found it on level 2 of the Dungeon)
Scrolls
 e - 2 scrolls of remove curse {@r2}
 g - 2 scrolls of enchant armour
 i - a scroll of amnesia {unknown}
 j - a scroll of magic mapping {unknown}
 o - a scroll of random uselessness {unknown}
Potions
 d - a potion of haste {unknown}
 f - a potion of flight
 h - a potion of curing {unknown}
 n - a potion of mutation {unknown}


   Skills:
 + Level 4.5 Fighting
 * Level 5.7 Axes
 + Level 2.0 Armour
 - Level 2.4 Dodging
 - Level 1.5 Stealth


You had 3 spell levels left.
You didn't know any spells.
Your spell library was empty.

Dungeon Overview and Level Annotations

Branches:
Dungeon (3/15)

Altars:

Annotations:
D:1 ogre


Message History

You are too injured to fight recklessly!
You are too injured to fight recklessly!
You are too injured to fight recklessly!
You are too injured to fight recklessly!
You feel sick.
You feel sick.
You feel sick.
You feel sick.
You feel sick.
You feel sick.
You feel sick.
There is a stone staircase leading up here.
You feel sick. The scorpion closely misses you.
You climb upwards.
There is a stone staircase leading down here.
The scorpion barely misses you.
You feel sick.
You feel sick.
You feel sick.
You are no longer poisoned.
The scorpion barely misses you.
Okay, then.
b - a +0 hunting sling (weapon)
Fire: 25 sling bullets
Aim: a scorpion (lightly wounded)
You shoot a sling bullet. The sling bullet hits the scorpion.
The scorpion barely misses you.
Fire: 24 sling bullets
Aim: a scorpion (moderately wounded)
You shoot a sling bullet. The sling bullet hits the scorpion!
The scorpion stings you.
* * * LOW HITPOINT WARNING * * *
You are poisoned.
The scorpion poisons you!
You feel sick.
You feel sick. The scorpion misses you.
You feel sick.
You feel sick.
You feel sick.
You feel sick.
Fire: 23 sling bullets
Aim: a scorpion (severely wounded)
You shoot a sling bullet.
The sling bullet barely misses the scorpion.
The scorpion stings you!
* * * LOW HITPOINT WARNING * * *
It was a potion of flight.
You feel very buoyant.
You fly up into the air.
The scorpion stings you.
You die...

#........#######.#.# #.# #.#
#................#.# #.# #)##
##)......#########.# #.# #..#
##......# #.###.# ##.# ###.######
#.....# #.# #...# #..#### #.#
#.### #..# #.# #.# #########..#
#.# #.# #(....s@...#### ####.#
#.# #.########....# #..... #.#
#.# #.##.# #.##.# #.# #.# #.##.#
##.##.# #.# #.# #.##.####...#.#
#.# #.##### #.##.......)..#
#.########.....# #.#######...#.#
#...........##.####.# ##.##.#
##.#####.#...#......########.##.#


You could see a scorpion.

Vanquished Creatures
  5 adders
  2 worms
  2 dart slugs (D:2)
  A leopard gecko (D:1)
  An orc (D:3)
  7 bats
  A giant cockroach (D:1)
  5 goblins
  3 hobgoblins
  3 jackals (D:1)
  A quokka (D:2)
  3 frilled lizards
  5 kobolds
  6 rats
45 creatures vanquished.

Notes
Turn   | Place    | Note
-------+----------+-------------------------------------------
     0 | D:1      | sahdkjhfkaj the Hill Orc Monk began the quest for the Orb.
     0 | D:1      | Reached XP level 1. HP: 19/19 MP: 1/1
   291 | D:1      | Reached XP level 2. HP: 23/27 MP: 2/2
   907 | D:2      | Reached skill level 1 in Armour
   964 | D:2      | Reached XP level 3. HP: 33/33 MP: 3/3
  1046 | D:2      | Reached skill level 5 in Axes
  1196 | D:2      | Reached XP level 4. HP: 34/40 MP: 4/4
  1425 | D:2      | Noticed an ogre
  3361 | D:2      | HP: 1/41 [scorpion (4)]
  3362 | D:2      | Slain by a scorpion

Illustrated notes

Levels and vault maps discovered:
D:1:      doesnt_arrival_eight_statues, layout_basic
D:2:      layout_loops_ring
D:3:      layout_basic, overflow_temple_1_default, grunt_decor_cap

Skill      XL: |  1  2  3  4 |
---------------+-------------+-----
Armour         | 1 2 |  2.0
Fighting       | 4 |  4.5
Axes           | 5 |  5.7
Dodging        | |  2.4
Stealth        | |  1.5

Action                   |  1- 3 |  4- 6 || total
-------------------------+-------+-------++-------
Melee: Hand axe          |   100 |    82 ||   182
 Fire: Hunting sling     |       |    27 ||    27
Throw: Stone             |    20 |     4 ||    24
  Use: Scroll            |     1 |     2 ||     3
       Potion            |       |     1 ||     1
Armor: Robe              |     3 |       ||     3
       Scale mail        |    33 |    34 ||    67
Dodge: Dodged            |    59 |    49 ||   108

Table legend: (Time is in decaauts)
 A = Elapsed time spent in this place.
 B = Non-inter-level travel time spent in this place.
 C = Inter-level travel time spent in this place.
 D = Time resting spent in this place.
 E = Time spent auto-exploring this place.
 F = Levels seen in this place.
 G = Mean time per level.
                   A        B        C        D        E       F      G
               +--------+--------+--------+--------+--------+-----+--------+
         Total |   3382 |   2925 |    457 |    201 |   1971 |   3 | 1127.3 |
       Dungeon |   3382 |   2925 |    457 |    201 |   1971 |   3 | 1127.3 |
               +--------+--------+--------+--------+--------+-----+--------+

Top non-repeatable levels by time:
     D:2: 1488 daAuts
     D:1: 1413 daAuts
     D:3: 480 daAuts
